Unix NetHack Version 5.0.0-0 post-release - last build Jun 10 2026 00:39:30 (3ee93aec679c4c4259841fe613dc97188e26a321,branch:main).

Game began 2026-06-30 19:55:24, ended 2026-06-30 20:47:24.

HenriqueII, lawful male human Archeologist

                                        --
                                      --.|
                 --                   ...
                 |.     ----        -..
                  -... --...-      -..-
                   -.........--  --..-
                    ...........---<.-      |
                           |.......>-- - ..--
                           |..G...)..| .....|
                         ---......Z.........|
                         |.....G.Gh%.G......-
                         -........................-
                        -................`.........|
                      |.................... .......-
                      -.|...........................|
                        --...........|.---.........--
                         |.......+..----   ..----.--
                         |.........--       --   --
                         --..--.----
                          --- --
HenriqueII the Skeleton    St:18/** Dx:10 Co:17 In:9 Wi:14 Ch:11  Lawful
Dlvl:10 $:206 HP:41(55) Pw:44(44) AC:-6 HD:12 T:8154 

Latest messages:
 You stop searching.
 The iguana misses!
 You hit the iguana!
 You touch the iguana.
 The iguana seems to be moving slower.
 The iguana slows down.
 The iguana misses!
 You hit the iguana!
 You touch the iguana.
 You kill the iguana!
 You swap places with your large dog.
 You swap places with your large dog.
 There are several objects here.
 K - a leather hat.
 Your lantern is getting dim.
 You hear crashing rock.
 You descend the stairs.
 You hear a chugging sound.
 The gnome lord picks up a food ration.
 The gnome lord throws 2 daggers!
 The 1st dagger misses you.
 The 2nd dagger misses you.
 The gnome lord throws a dagger!
 You are almost hit by a dagger.
 You hit the gnome lord!
 You touch the gnome lord.
 The gnome lord seems to be moving slower.
 The gnome lord slows down.
 The gnome lord hits!
 The mind flayer hits!
 The mind flayer's tentacles suck your brain!
 Your brain is eaten!
 You feel very stupid!
 The mind flayer's tentacles suck your brain again!
 Your brain is eaten!
 You feel very stupid!
 The mind flayer's tentacles suck your brain again!
 Your brain is eaten!
 You feel stupid!
 You see here a dagger.
 The mind flayer hits!
 The mind flayer's tentacles suck your brain!
 Your brain is eaten!
 You feel stupid!
 The mind flayer's tentacles suck your brain again!
 Your brain is eaten!
 You feel stupid!
 You forget your training in saber.
 Really quit without saving? [yn] (n) y
 Do you want your possessions identified? [ynq] (y) q

Inventory:
 Coins    ('$')
  $ - 206 gold pieces
 Weapons  (')')
  a - a +2 bullwhip
  A - the +1 Werebane (weapon in right hand)
 Armor    ('[')
  K - a blessed +0 elven leather helm
  J - an uncursed +0 elven leather helm
  x - an uncursed +1 orcish helm
  v - an uncursed rotted +0 pair of low boots (being worn)
  u - an uncursed +0 dwarvish cloak (being worn)
  l - a blessed +5 elven mithril-coat (being worn)
 Comestibles  ('%')
  d - an uncursed food ration
  C - 2 uncursed tripe rations
  I - an uncursed homemade tin of Grey-elf meat
 Scrolls  ('?')
  w - 2 uncursed scrolls of blank paper
  o - a cursed scroll of blank paper
  G - an uncursed scroll of identify
  j - a blessed scroll of punishment
  X - a cursed scroll of teleportation
 Potions  ('!')
  Z - an uncursed potion of object detection
 Rings    ('=')
  N - a cursed ring of aggravate monster
  D - an uncursed +1 ring of increase damage
 Tools    ('(')
  B - an uncursed bag of holding containing 3 items
  S - an empty uncursed sack
  q - an uncursed leather drum
  y - an uncursed blindfold
  V - an uncursed brass lantern (lit)
  i - a magic marker (0:20)
  U - a blessed oil lamp
  p - a corroded +0 pick-axe (alternate weapon; not wielded)
  T - a tinning kit (0:40)
 Gems/Stones  ('*')
  t - an uncursed touchstone

Contents of the bag of holding:
  1572 gold pieces
  3 potions of holy water
  a potion of unholy water

HenriqueII the Archeologist's attributes:

Background:
 You were in male skeleton form.
 You were actually an Investigator, a level 8 male human Archeologist.
 You were lawful, on a mission for Quetzalcoatl
 who was opposed by Camaxtli (neutral) and Huhetotl (chaotic).
 You were right-handed.
 You were in the Gnomish Mines, on level 10.
 You entered the dungeon 8154 turns ago.
 There was a full moon in effect when your adventure ended.

Basics:
 You had 41 out of 55 hit points.
 You had all 44 energy points (spell power).
 You had 12 hit dice.
 Your armor class was -6.
 Your wallet contained 206 zorkmids, and
 you had 1572 more stashed away in your pack.
 Autopickup was on for '$!?/="' plus thrown, with exceptions.

Final Characteristics:
 Your strength was 18/100.
 Your dexterity was 10.
 Your constitution was 17.
 Your intelligence was 9.
 Your wisdom was 14.
 Your charisma was 11.

Final Status:
 You were transformed.
 You weren't hungry.
 You were unencumbered.
 You were wielding a saber.
 You were unskilled in saber.

Final Attributes:
 You were piously aligned.
 Your items were somewhat protected from fire.
 You were cold resistant.
 Your items were somewhat protected from cold.
 You were sleep resistant.
 You were poison resistant.
 You were level-drain resistant.
 You were petrification resistant.
 You were telepathic.
 You had automatic searching.
 You had infravision.
 You were stealthy.
 You could survive without air.
 You were guarded.
 You were polymorphed into a skeleton.
 You were lucky.
 You survived.

Miscellaneous:
 You didn't encounter any bones levels.
 Total elapsed playing time was 51 minutes and 57 seconds.

Major events:
 Turn
    1: HenriqueII the lawful male human Archeologist entered the dungeon
 1092: attained the rank of Field Worker (level 3)
 1806: entered the Gnomish Mines
 2942: attained the rank of Investigator (level 6)
 3536: reached Mine Town
 5607: was bestowed with Werebane by Quetzalcoatl
 5955: was bestowed with Ogresmasher by Quetzalcoatl
 8154: quit

You didn't know any spells.

Skills:
 Fighting Skills
   bare handed combat [Unskilled]
   two weapon combat  [Unskilled]
   riding             [Unskilled]
 Weapon Skills
   dagger             [Unskilled]
   knife              [Unskilled]
   pick-axe           [Skilled]
   short sword        [Unskilled]
   saber              [Unskilled]
   club               [Unskilled]
   hammer             [Unskilled]
   quarterstaff       [Unskilled]
   sling              [Unskilled]
   dart               [Unskilled]
   boomerang          [Unskilled]
   whip               [Basic]
   unicorn horn       [Unskilled]
 Spellcasting Skills
   attack spells      [Unskilled]
   healing spells     [Unskilled]
   divination spells  [Unskilled]
   matter spells      [Unskilled]

Voluntary challenges:
 Character rerolling was not enabled.
 You never genocided any monsters.
 You never polymorphed an object.
 You used no wishes.
Achievements:
 You attained the rank of Field Worker.
 You entered a shop.
 You entered the Gnomish Mines.
 You attained the rank of Investigator.
 You entered Minetown.
 You entered a temple.

 The Dungeons of Doom: levels 1 to 6
    Level 1:
       A fountain.
    Level 2:
       An altar to Quetzalcoatl, a fountain.
    Level 3:
       An armor shop, a fountain.
    Level 4:
       A fountain.
       Stairs down to The Gnomish Mines.
    Level 5:
    Level 6:
 The Gnomish Mines: levels 5 to 10
    Level 5:
    Level 6:
    Level 7:
       Many shops, a temple and an altar, some fountains, a sink.
    Level 8:
    Level 9:
    Level 10: <- You were here.


Vanquished creatures:
 an ettin zombie
  3 Grey-elves
  a horned devil
  a quivering blob
  2 giant spiders
  a gold golem
  a lizard
  a plains centaur
  a human zombie
  2 water nymphs
  a shrieker
  8 gnome leaders
  2 gnomish wizards
  a straw golem
  6 giant ants
  a little dog
  a floating eye
  a kitten
  3 dwarves
  a homunculus
  a kobold leader
  9 hill orcs
  4 rothes
  a rabid rat
  a centipede
  a giant bat
  5 monkeys
 an orc zombie
  2 dwarf zombies
  a werejackal
  7 iguanas
 an acid blob
  2 gas spores
  a hobbit
  5 manes
  a large kobold
  a hobgoblin
  8 giant rats
  7 cave spiders
  a yellow mold
  a green mold
 38 gnomes
  3 garter snakes
  2 gnome zombies
  2 geckos
  5 jackals
  2 foxes
  a kobold
  7 goblins
  4 sewer rats
 17 grid bugs
  5 lichens
  a kobold zombie
  9 newts
196 creatures vanquished.

No species were genocided or became extinct.

Goodbye HenriqueII the Archeologist...

You quit in The Gnomish Mines on dungeon level 10 with 7826 points,
and 1778 pieces of gold, after 8154 moves.
You were level 8 with a maximum of 67 hit points when you quit.

